 Dungeon Crawl Stone Soup version 0.29-a0-409-gd843f3a48c (webtiles) character file.

Game seed: 7116613648622696287

32 xian the Firebug (level 3, -2/20 HPs)
             Began as a Gargoyle Fire Elementalist on May 15, 2022.
             Slain by a necrophage (6 damage)
             ... on level 2 of the Dungeon.
             The game lasted 00:09:11 (1414 turns).

xian the Firebug (Gargoyle Fire Elementalist)       Turns: 1414, Time: 00:09:11

Health: -2/20      AC:  5    Str: 11    XL:     3   Next: 25%
Magic:  3/6        EV: 12    Int: 17    God:
Gold:   34         SH:  0    Dex: 10    Spells: 5/6 levels left

rFire   . . .      SeeInvis .   g - +0 short sword (elec)
rCold   . . .      Faith    +   (no shield)
rNeg    + . .      Spirit   .   a - +0 robe
rPois   ∞          Reflect  .   (no helmet)
rElec   +          Harm     .   (no cloak)
rCorr   .          Rampage  .   (no gloves)
Will    .....                   (no boots)
Stlth   ++........              e - amulet of faith
HPRegen 0.06/turn               (no ring)
MPRegen 0.10/turn               (no ring)

@: no status effects
A: sickness immunity, AC +3, negative energy resistance 1, electricity
resistance, torment resistance 1, petrification resistance
a: no special abilities


You were on level 2 of the Dungeon.
You visited 1 branch of the dungeon, and saw 2 of its levels.

You collected 34 gold pieces.

Inventory:

Hand Weapons
 g - a +0 short sword of electrocution (weapon)
Armour
 a - a +0 robe (worn)
Jewellery
 e - an amulet of faith (around neck)
Scrolls
 d - 3 scrolls of identify
 h - a scroll of enchant armour {unknown}
 i - a scroll of fog {unknown}
 j - a scroll of teleportation {unknown}
Potions
 b - a potion of magic
 c - a potion of degeneration {unknown}
 f - 2 potions of attraction


   Skills:
 + Level 0.5 Fighting
 + Level 1.7 Dodging
 + Level 2.3 Stealth
 + Level 2.2 Spellcasting
 + Level 1.1 Conjurations
 + Level 3.7 Fire Magic


You had 5 spell levels left.
You knew the following spells:

 Your Spells              Type           Power      Damage    Failure   Level
a - Foxfire               Conj/Fire      40%        2x1d6     7%          1

Your spell library contained the following spells:

 Spells                   Type           Power      Damage    Failure   Level
 Scorch                   Fire           28%        2d6       6%          2
 Conjure Flame            Conj/Fire      10%        6-21      21%         3
 Inner Flame              Hex/Fire       8%         N/A       26%         3
 Flame Wave               Conj/Fire      10%        2d5       56%         4


Dungeon Overview and Level Annotations

Branches:
Dungeon (2/15)

Altars:

Shops:
D:1 (


Innate Abilities, Weirdness & Mutations

You are immune to sickness and miasma.
Your stone body is resilient. (AC +3)
You are immune to poison.
You resist negative energy. (rN+)
You are resistant to electric shocks. (rElec)
You are resistant to unholy torment.
You are immune to petrification.


Message History

Found a stone staircase leading down.
Casting: Foxfire (safe; 7% risk of failure)
Press: ? - help, Q - select action Dir - look around, f - activate You conjure some foxfire!
The necrophage hits you. The necrophage closely misses you.
Your foxfire dissipates!
The necrophage barely misses you.
The necrophage attacks as you move away!
The necrophage closely misses you.
The necrophage attacks as you move away!
The necrophage hits you but does no damage.
The necrophage attacks as you move away!
The necrophage barely misses you.
The necrophage attacks as you move away!
The necrophage hits you.
The necrophage attacks as you move away!
The necrophage hits you.
Casting: Foxfire (safe; 7% risk of failure)
Press: ? - help, Q - select action Dir - look around, f - activate You conjure some foxfire!
The necrophage hits you but does no damage.
Your foxfire dissipates!
Casting: Foxfire (safe; 7% risk of failure)
Press: ? - help, Q - select action Dir - look around, f - activate You conjure some foxfire!
The necrophage hits you.
The foxfire hits the necrophage.
The necrophage is lightly damaged.
The necrophage hits you.
Casting: Foxfire (safe; 7% risk of failure)
Press: ? - help, Q - select action Dir - look around, f - activate You conjure some foxfire!
The necrophage hits you.
* * * LOW HITPOINT WARNING * * *
Unknown command.
The foxfire hits the necrophage.
The necrophage is moderately damaged.
The necrophage hits you.
You die...

#################
#...............#
#.############.##
#.# #.# #.#
#######.# .....>#
#......n# ###.#.#
#.#####@# #.#.#
#.# ### ..# . #.#
### ## #.# #.#
#.# #.# #.# #.#


You could see a necrophage.

Vanquished Creatures
  An adder (D:2)
  A dart slug (D:1)
  An endoplasm (D:1)
  3 giant cockroaches (D:1)
  2 goblins (D:1)
  A hobgoblin (D:1)
  3 quokkas (D:1)
  4 ball pythons
  A bat (D:1)
  3 frilled lizards (D:1)
  A rat (D:1)
21 creatures vanquished.

Vanquished Creatures (others)
  55 foxfires
55 creatures vanquished.

Grand Total: 76 creatures vanquished

Notes
Turn   | Place    | Note
-------+----------+-------------------------------------------
     0 | D:1      | xian the Gargoyle Fire Elementalist began the quest for the
                  | Orb.
     0 | D:1      | Reached XP level 1. HP: 10/10 MP: 3/3
     0 | D:1      | Noticed a formicid
     0 | D:1      | Noticed a draconian
     1 | D:1      | Noticed a ghoul
     3 | D:1      | Noticed a vampire
     3 | D:1      | Noticed a ghoul
     5 | D:1      | Noticed a tengu
     8 | D:1      | Noticed a naga
    11 | D:1      | Noticed a human
    11 | D:1      | Noticed a naga
    15 | D:1      | Noticed a merfolk
    15 | D:1      | Noticed a gargoyle
    15 | D:1      | Noticed a dwarf
    19 | D:1      | Noticed a formicid
   390 | D:1      | Reached XP level 2. HP: 15/15 MP: 1/5
   432 | D:1      | Found a faded altar of an unknown god.
   979 | D:1      | Found Memim's Antique Weapon Shoppe.
  1257 | D:2      | Reached XP level 3. HP: 16/20 MP: 3/6
  1387 | D:2      | Noticed a necrophage
  1414 | D:2      | Slain by a necrophage

Illustrated notes

Levels and vault maps discovered:
D:1:      shiori_arrival_whats_in_store_for_you, layout_basic, serial_shops,
          nicolae_shop_advertising_works [nicolae_subvault_shop_adworks],
          basic_ecumenical_altar, serial_rivers, chequers_serial_rivers_small_3,
          chequers_serial_rivers_micro_e, chequers_serial_rivers_room_a,
          chequers_serial_rivers_micro_c
D:2:      layout_basic

Action                   || total
-------------------------++-------
Melee: Unarmed           ||    11
       Short sword       ||     8
 Cast: Foxfire           ||    34
  Use: Scroll            ||     1
Armor: Robe              ||    17
Dodge: Dodged            ||    35

Table legend: (Time is in decaauts)
 A = Elapsed time spent in this place.
 B = Non-inter-level travel time spent in this place.
 C = Inter-level travel time spent in this place.
 D = Time resting spent in this place.
 E = Time spent auto-exploring this place.
 F = Levels seen in this place.
 G = Mean time per level.
                   A        B        C        D        E       F      G
               +--------+--------+--------+--------+--------+-----+--------+
         Total |   1416 |   1416 |      0 |    285 |    737 |   2 |  708.0 |
       Dungeon |   1416 |   1416 |      0 |    285 |    737 |   2 |  708.0 |
               +--------+--------+--------+--------+--------+-----+--------+

Top non-repeatable levels by time:
     D:1: 1249 daAuts
     D:2: 167 daAuts
